 Dungeon Crawl Stone Soup version 0.21-a0-2-ge494091 (webtiles) character file.

156 useraccount the Shield-Bearer (level 5, 0/42 HPs)
             Began as a Formicid Fighter on May 20, 2017.
             Killed from afar by Ruich's ghost (13 damage)
             ... with an orb of energy
             ... on level 3 of the Dungeon.
             The game lasted 00:02:07 (2064 turns).

useraccount the Shield-Bearer (Formicid Fighter)    Turns: 2064, Time: 00:02:08

Health: 0/42       AC:  7    Str: 22    XL:     5   Next: 65%
Magic:  5/5        EV:  9    Int:  7    God:
Gold:   79         SH:  9    Dex: 10    Spells: 4/4 levels left

rFire    . . .     SeeInvis +   a - +0 war axe
rCold    . . .     Gourm    .   c - +0 shield
rNeg     . . .     Faith    .   b - +0 scale mail
rPois    .         Spirit   .   (helmet unavailable)
rElec    .         Reflect  .   (no cloak)
rCorr    .         Harm     .   (no gloves)
MR       .....                  (no boots)
Stlth    ..........             (no amulet)
Regen    0.2/turn               h - +1 ring of evasion (curse)
MPRegen  0.1/turn               v - ring of flight

@: lethally poisoned (0 -> -1)
A: permanent stasis, dig shafts and tunnels, four strong arms, antennae 3
a: Dig, Shaft Self, Evoke Flight


You were on level 3 of the Dungeon.
You were not hungry.

You visited 1 branch of the dungeon, and saw 3 of its levels.

You collected 79 gold pieces.

Inventory:

Hand Weapons
 a - a +0 war axe (weapon)
Armour
 b - a +0 scale mail (worn)
 c - a +0 shield (worn)
Jewellery
 h - a cursed +1 ring of evasion (left hand)
 v - a ring of flight (right hand)
Scrolls
 e - a scroll of magic mapping {unknown}
 j - a scroll of enchant armour {unknown}
 k - 2 scrolls of identify {unknown}
 l - a scroll of random uselessness {unknown}
 m - a scroll of remove curse {unknown}
 q - 2 scrolls of enchant weapon {unknown}
 u - 2 scrolls of fog {unknown}
Potions
 d - 2 potions of might
 i - a potion of ambrosia {unknown}
 n - a potion of magic {unknown}
 o - a potion of curing {unknown}
 r - 3 potions of agility {unknown}
 s - a potion of degeneration {unknown}
 t - a potion of invisibility {unknown}
 w - 2 potions of lignification {unknown}
Comestibles
 f - 2 bread rations
 g - 4 chunks of flesh
 p - a meat ration


   Skills:
 + Level 3.8 Fighting
 * Level 3.6 Axes
 + Level 4.0 Armour
 + Level 1.5 Dodging
 + Level 4.2 Shields


You had 4 spell levels left.
You didn't know any spells.

Dungeon Overview and Level Annotations

Branches:
Dungeon (3/15)

Altars:
Ru

Annotations:
D:3 Ruich's ghost, amateur DECj


Innate Abilities, Weirdness & Mutations

You cannot be hasted, slowed, berserked, paralysed or teleported.
You can dig through walls and to a lower floor.
Your four strong arms can wield two-handed weapons with a shield.
You have a pair of large antennae on your head. (SInv)


Message History

You are confused.
You are too confused!
You are too confused!
You are too confused!
You are too confused!
You are too confused!
You are too confused!
You are too confused!
You are too confused!
You are too confused!
You are too confused!
You are too confused!
You feel sick.
There is an open door here.
You see here a curare-tipped needle.
You feel less confused.
You feel sick.
Ruich's ghost gestures at you while chanting.
The orb of energy hits you!
You die...

.. #### .# ..###.###
###.#... .# ...... .#
#.#'###.# # #..<..#.# ##
#. #.@...#.# .. #..
#.......# .# #...
#.####..#..#
#....######W####.##..#
..........#(##.......#
..........'######.######
.........)##...........#
..........##.####.####.#
...........# #...)...#
####


You could see Ruich's ghost.

Vanquished Creatures
  An orc priest (D:3)
  An orc wizard (D:3)
  2 adders (D:2)
  2 worms
  A dart slug (D:1)
  2 leopard geckos
  3 orcs (D:3)
  A giant cockroach (D:1)
  6 hobgoblins
  12 jackals
  10 kobolds
  2 ball pythons
  4 bats
  2 frilled lizards (D:2)
  11 goblins
  6 rats
66 creatures vanquished.

Vanquished Creatures (others)
  A kobold (D:3)
1 creature vanquished.

Grand Total: 67 creatures vanquished

Notes
Turn   | Place    | Note
-------+----------+-------------------------------------------
     0 | D:1      | useraccount the Formicid Fighter began the quest for the Orb.
     0 | D:1      | Reached XP level 1. HP: 18/18 MP: 1/1
    99 | D:1      | Reached XP level 2. HP: 14/24 MP: 2/2
   272 | D:1      | Reached XP level 3. HP: 11/29 MP: 3/3
   342 | D:1      | Reached skill level 1 in Dodging
   836 | D:2      | Reached XP level 4. HP: 35/35 MP: 4/4
  1707 | D:3      | Reached XP level 5. HP: 4/42 MP: 5/5
  2008 | D:3      | Found a sacrificial altar of Ru.
  2050 | D:3      | Noticed Ruich's ghost (amateur DECj)
  2064 | D:3      | Killed from afar by Ruich's ghost

Vault maps used:
D:1:      dpeg_arrival_castle, hangedman_decor_clover_reticule
D:2:      minmay_misc_feat_doors
D:3:      gammafunk_temple_overflow_forgotten, nicolae_ru_sacrificial_ziggurat

Skill      XL: |  1  2  3  4  5 |
---------------+----------------+-----
Dodging        | 1 |  1.5
Shields        | 4 |  4.2
Axes           | 3 |  3.6
Armour         | 4 |  4.0
Fighting       | |  3.8

Action                   |  1- 3 |  4- 6 || total
-------------------------+-------+-------++-------
Melee: War axe           |   142 |   114 ||   256
  Eat: Chunk             |       |     4 ||     4
Armor: Scale mail        |    57 |    50 ||   107
Dodge: Dodged            |    45 |    40 ||    85
Block: Shield            |    89 |    65 ||   154
